Map: 瑟拉斯废墟

Players

shengy - Winner!

  • Race: Terran Terran
  • League: Platinum

Luchik

  • Race: Protoss Protoss
  • League: Silver

VOD

Have the link to the VOD?

Description

Time

  • Played on: Dec. 27, 2015, 4:48 p.m.
  • Length: 10:44
Show
View Real Time Build Order
Export as new Build Order

shengy Terran - Winner!

Build Orders: MMM Bio 

Get SALT Encoding   

  12  0:01  SCV  
  13  0:13  SCV  
  14  0:25  SCV  
  15  0:28  Supply Depot  
  15  0:46  Refinery  
  15  0:52  Barracks  
  15  0:55  SCV  
  16  1:07  SCV  
  17  1:19  SCV  
  18  1:31  SCV  
  19  1:38  Supply Depot  
  19  1:41  Barracks Reactor  
  19  1:43  Barracks  
  19  1:49  Orbital Command  
  19  2:14  SCV  
  20  2:18  Reaper x2  
  22  2:26  Refinery  
  23  2:30  SCV  
  23  2:33  Command Center  
  23  2:42  SCV  
  24  2:44  Factory  
  24  2:51  Barracks Tech Lab  
  24  2:54  SCV  
  24  2:56  Marine x2  
  27  3:06  SCV  
  28  3:13  Marauder  
  28  3:14  Concussive Shells  
  28  3:18  SCV  
  31  3:20  Barracks  
  31  3:38  Factory Reactor, Starport  
  31  3:45  SCV, Marine x2  
  31  3:47  Supply Depot  
  34  3:58  Orbital Command  
  32  4:19  Barracks Tech Lab  
  32  4:20  Liberator  
  32  4:36  Stimpack  
  35  4:42  Marauder, Marine x2  
  35  4:44  Marauder  
  41  4:53  SCV  
  41  4:55  SCV  
  43  5:00  Marine x2  
  43  5:04  Supply Depot  
  43  5:05  SCV  
  46  5:07  SCV  
  46  5:08  Marauder  
  46  5:10  Marauder  
  51  5:17  SCV  
  51  5:19  SCV  
  53  5:21  Marine  
  53  5:22  Marine  
  51  5:39  Marine  
  51  5:40  Marine  
  45  5:51  Medivac x2  
  45  5:52  Marauder  
  45  5:54  Marauder  
  53  5:57  Marine x2  
  53  6:02  SCV  
  56  6:06  Refinery  
  56  6:08  Refinery  
  56  6:14  Marauder, SCV  
  56  6:15  Marauder  
  56  6:18  Marine  
  62  6:32  Supply Depot x2  
  62  6:53  Medivac x2, Marine x2  
  62  6:54  Marauder, SCV  
  71  6:58  Supply Depot  
  71  7:06  SCV  
  69  7:11  Barracks  
  69  7:13  Barracks  
  69  7:15  Marauder  
  71  7:16  Engineering Bay  
  71  7:17  Engineering Bay  
  71  7:18  SCV, Armory  
  71  7:21  SCV  
  73  7:23  Combat Shields  
  73  7:28  Marauder, Marine x2  
  77  7:30  SCV  
  77  7:33  SCV  
  77  7:36  Marauder  
  81  7:42  SCV  
  82  7:45  Terran Infantry Armor Level 1, Terran Infantry Weapons Level 1  
  82  7:46  Marine  
  83  7:52  Supply Depot  
  83  7:54  Widow Mine  
  85  8:01  Barracks Reactor  
  85  8:02  Barracks Reactor  
  85  8:04  Marine  
  86  8:11  Supply Depot  
  86  8:13  Marine  
  86  8:14  Marauder  
  89  8:21  Marine  
  89  8:22  SCV  
  89  8:26  Supply Depot  
  91  8:31  Marine  
  91  8:34  SCV  
  93  8:35  Marauder  
  93  8:37  Marine  
  93  8:38  Marine  
  93  8:39  Marine x2  
  99  8:41  Marine  
  99  8:46  Supply Depot  
  100  8:49  Marine  
  100  8:50  Supply Depot  
  100  8:53  Liberator  
  100  8:55  Marine x2  
  101  8:56  Marauder  
  101  8:57  Marine  
  101  9:00  Marine  
  107  9:03  Marauder  
  107  9:05  Marine  
  110  9:13  Marine x2  
  110  9:14  Marine  
  116  9:17  Marauder  
  116  9:18  Marine  
  116  9:20  Medivac  
  121  9:28  Supply Depot  
  121  9:30  Supply Depot  
  121  9:36  Supply Depot, Marauder  
  123  9:40  Marine x3  
  126  9:50  Medivac, Marine  
  116  10:22  Command Center  
Show
View Real Time Build Order
Export as new Build Order

Luchik Protoss 

Build Orders:  

Get SALT Encoding   

  12  0:03  Probe (Chrono Boost)  
  13  0:13  Probe (Chrono Boost)  
  14  0:20  Pylon  
  14  0:24  Probe (Chrono Boost)  
  15  0:38  Probe (Chrono Boost)  
  15  0:42  Gateway  
  16  0:49  Probe (Chrono Boost)  
  17  0:53  Assimilator  
  17  0:59  Probe (Chrono Boost)  
  18  1:10  Probe (Chrono Boost)  
  19  1:43  Cybernetics Core  
  19  1:49  Pylon  
  20  1:54  Probe (Chrono Boost)  
  20  2:05  Probe (Chrono Boost)  
  21  2:27  Gateway  
  21  2:30  Gateway  
  21  2:33  Probe (Chrono Boost)  
  22  2:41  Nexus  
  22  2:43  Probe (Chrono Boost)  
  23  2:51  Forge  
  23  2:55  Assimilator  
  23  2:59  Stalker  
  25  3:24  Pylon  
  25  3:25  Stalker x2  
  25  3:26  Pylon  
  29  3:28  Pylon  
  29  3:29  Sentry  
  31  3:51  Probe (Chrono Boost)  
  31  3:55  Adept, Stalker x2  
  36  3:58  Probe (Chrono Boost)  
  36  4:02  Probe (Chrono Boost)  
  40  4:08  Probe (Chrono Boost)  
  40  4:10  Protoss Ground Armor Level 1  
  40  4:19  Probe (Chrono Boost)  
  41  4:30  Photon Cannon, Probe (Chrono Boost)  
  42  4:33  Photon Cannon  
  42  4:44  Probe (Chrono Boost)  
  43  4:47  Pylon  
  43  4:54  Probe (Chrono Boost)  
  44  5:05  Probe (Chrono Boost), Mothership Core (Chrono Boost)  
  47  5:15  Probe (Chrono Boost)  
  47  5:19  Assimilator  
  48  5:24  Assimilator  
  40  5:48  Stalker (Chrono Boost)  
  40  5:52  Stalker x2 (Chrono Boost)  
  40  5:58  Photon Cannon  
  40  6:07  Photon Cannon  
  40  6:15  Stalker (Chrono Boost)  
  39  6:18  Photon Cannon  
  39  6:23  Stalker x2 (Chrono Boost)  
  37  6:31  Photon Cannon  
  37  6:34  Photon Cannon  
  37  6:42  Stalker (Chrono Boost)  
  38  6:53  Stalker x2 (Chrono Boost)  
  38  7:06  Probe  
  39  7:19  Probe  
  40  7:26  Stalker (Chrono Boost)  
  40  7:29  Stalker (Chrono Boost)  
  46  7:30  Stalker (Chrono Boost)  
  46  7:31  Probe  
  47  7:37  Pylon  
  47  7:43  Probe  
  47  7:44  Protoss Shields Level 1 (Chrono Boost)  
  48  7:55  Probe (Chrono Boost)  
  49  7:59  Stalker  
  51  8:05  Probe (Chrono Boost)  
  51  8:06  Probe (Chrono Boost)  
  53  8:14  Probe  
  54  8:25  Photon Cannon, Probe  
  55  8:32  Photon Cannon  
  55  8:37  Probe  
  55  8:41  Stargate  
  56  8:43  Stargate  
  56  8:44  Sentry  
  56  8:46  Sentry  
  56  8:47  Stalker  
  56  8:48  Probe  
  63  9:08  Probe  
  64  9:18  Probe  
  65  9:29  Void Ray (Chrono Boost), Probe  
  70  9:37  Void Ray (Chrono Boost)  
  74  9:39  Probe  
  75  9:50  Probe  
  76  9:55  Nexus  
  80  10:19  Robotics Facility  
  56  10:22  Robotics Facility  
Tags
 
Add a new tag
Caveats
  • Supply blocks, unpowered buildings, or Contaminate may cause inaccurate times.
  • Supply counts are checked every 10 seconds.